 Dungeon Crawl Stone Soup version 0.31-a0-366-ga77b45bd9b (webtiles) character file.

Game seed: 15589129248793847694

3480 IndexError the Destroyer (level 10, 0/74 HPs)
             Began as a Gnoll Conjurer on July 28, 2023.
             Was an Initiate of Gozag.
             Slain by a yak (5 damage)
             ... on level 7 of the Dungeon.
             The game lasted 00:13:22 (9168 turns).

IndexError the Destroyer (Gnoll Conjurer)           Turns: 9168, Time: 00:13:22

Health: 0/74       AC:  6    Str: 12    XL:     10   Next: 7%
Magic:  0/20       EV: 14    Int: 28    God:    Gozag
Gold:   698        SH:  0    Dex: 11    Spells: 3/23 levels left

rFire   . . .        p - +2 short sword (speed)
rCold   . . .        (no shield)
rNeg    . . .        a - +0 robe
rPois   .            (no helmet)
rElec   .            B - +0 cloak
rCorr   .            m - +0 pair of gloves
SInv    .            q - +0 pair of boots
Will    .....        (no amulet)
Stlth   +++          v - +6 ring of strength
HPRegen 0.32/turn    A - +6 ring of intelligence
MPRegen 0.17/turn

%: no passive effects
@: no status effects
A: fangs 1, strong nose, distributed training
a: Renounce Religion, Potion Petition, Call Merchant, Bribe Branch


You were on level 7 of the Dungeon.
You worshipped Gozag.
Gozag was pleased with you.
You visited 2 branches of the dungeon, and saw 9 of its levels.

You collected 747 gold pieces.
You paid 49 gold pieces to Gozag.

Inventory:

Hand Weapons
 p - a +2 short sword of speed (weapon)
   (You took it off a kobold on level 3 of the Dungeon)
Armour
 a - a +0 robe (worn)
 m - a +0 pair of gloves (worn)
   (You found it on level 2 of the Dungeon)
 q - a +0 pair of boots (worn)
   (You found it on level 4 of the Dungeon)
 B - a +0 cloak (worn)
   (You found it on level 7 of the Dungeon)
Jewellery
 f - a ring of ice {rC+, rF-}
   (You found it on level 1 of the Dungeon)
 v - a +6 ring of strength (left hand)
   (You found it on level 4 of the Dungeon)
 y - an amulet of guardian spirit {Spirit}
   (You took it off an orc on level 6 of the Dungeon)
 A - a +6 ring of intelligence (right hand)
   (You found it on level 6 of the Dungeon)
Scrolls
 c - 2 scrolls of silence {unknown}
 e - 3 scrolls of teleportation {unknown}
 g - a scroll of blinking {unknown}
 i - 3 scrolls of vulnerability {unknown}
 j - 4 scrolls of poison {unknown}
 l - 4 scrolls of revelation {unknown}
 n - 2 scrolls of brand weapon {unknown}
 o - a scroll of enchant armour {unknown}
 r - 2 scrolls of fear {unknown}
 s - a scroll of fog {unknown}
 w - 2 scrolls of identify {unknown}
 D - 2 scrolls of noise {unknown}
Potions
 b - a potion of magic
 d - 3 potions of ambrosia {unknown}
 h - 3 potions of brilliance {unknown}
 k - a potion of invisibility {unknown}
 t - a potion of degeneration {unknown}
 u - 2 potions of curing {unknown}
 x - a potion of lignification {unknown}
 z - 2 potions of mutation {unknown}
 C - a potion of berserk rage {unknown}


   Skills:
 + Level 5.0 Fighting
 + Level 5.0 Short Blades
 + Level 5.0 Long Blades
 + Level 5.0 Axes
 + Level 5.0 Maces & Flails
 + Level 5.0 Polearms
 + Level 5.0 Staves
 + Level 5.0 Ranged Weapons
 + Level 5.0 Throwing
 + Level 5.0 Armour
 + Level 6.8 Dodging
 + Level 6.6 Stealth
 + Level 5.0 Shields
 + Level 5.0 Unarmed Combat
 + Level 7.1 Spellcasting
 + Level 8.3 Conjurations
 + Level 4.1 Hexes
 + Level 4.1 Summonings
 + Level 4.1 Necromancy
 + Level 4.1 Translocations
 + Level 4.1 Transmutations
 + Level 4.1 Fire Magic
 + Level 4.1 Ice Magic
 + Level 4.1 Air Magic
 + Level 4.1 Earth Magic
 + Level 4.1 Poison Magic
 + Level 5.5 Invocations
 + Level 5.0 Evocations
 + Level 4.1 Shapeshifting


You had 3 spell levels left.
You knew the following spells:

 Your Spells              Type           Power      Damage    Failure   Level
a - Magic Dart            Conj           100%       1d8       1%          1
b - Searing Ray           Conj           100%       2d8       1%          2
c - Volatile Blastmotes   Fire/Tloc      66%        2d15      3%          3
d - Fulminant Prism       Conj/Hex       22%        3d12      4%          4
e - Blink                 Tloc           66%        N/A       1%          2
f - Manifold Assault      Tloc           33%        N/A       10%         4
x - Iskenderun's Mystic   Conj/Tloc      44%        2d10      4%          4

Your spell library contained the following spells:

 Spells                   Type           Power      Damage    Failure   Level
 Kiss of Death            Conj/Necr      100%       2d13      1%          1
 Dazzling Flash           Conj/Hex       88%        N/A       1%          3
 Stone Arrow              Conj/Erth      88%        3d12      1%          3
 Confusing Touch          Hex            33%        N/A       3%          3
 Animate Armour           Summ/Erth      66%        N/A       10%         4
 Dispel Undead            Necr           33%        3d14      10%         4
 Starburst                Conj/Fire      22%        6d7       54%         6
 Lehudib's Crystal Spear  Conj/Erth      22%        10d6      100%        8
 Maxwell's Capacitive Co  Air            16%        ∞         100%        8


Dungeon Overview and Level Annotations

Branches:
Dungeon (8/15)             Temple (1/1) D:5
   Lair: D:8-11

Altars:
Ashenzari
Cheibriados
Dithmenos
Elyvilon
Fedhas
Gozag
Hepliaklqana
Kikubaaqudgha
Makhleb
Nemelex Xobeh
Okawaru
Qazlal
Ru
Sif Muna
Trog
Uskayaw
Vehumet
Wu Jian
Xom
Yredelemnul
Zin
The Shining One


Innate Abilities, Weirdness & Mutations

You have very sharp teeth.
Your uncanny sense of smell can sniff out nearby items.
Your experience applies equally to all skills.


Message History

The hornet stings you!
You feel yourself slow down. The hornet stings you.
You are poisoned.
You feel as though you will be slow longer.
The hornet closely misses you.
There is a stone staircase leading up, spattered with blood here.
You take 16 damage, and have 57/73 hp.
MASSIVE DAMAGE!!
Casting: Searing Ray (safe; 1% risk of failure)
Confirm with . or Enter, or press ? or * to list all spells.
You erupt in a blast of force!
The mystic blast hits the yak.
The yak is knocked back by the mystic blast.
The mystic blast hits the hornet!
The hornet is knocked back by the mystic blast.
The hornet collides with the yak!
You feel very sick.
You take 3 damage, and have 54/73 hp.
You now have 16/20 mp.
Casting: Iskenderun's Mystic Blast (dangerous; 4% risk of failure)
Confirm with . or Enter, or press ? or * to list all spells.
You erupt in a blast of force!
The mystic blast hits the hornet!
The hornet is knocked back by the mystic blast.
The hornet collides with the yak!
You feel very sick. The hornet completely misses you.
You take 3 damage, and have 51/73 hp.
You now have 12/20 mp.
Casting: Iskenderun's Mystic Blast (dangerous; 4% risk of failure)
Confirm with . or Enter, or press ? or * to list all spells.
You miscast Iskenderun's Mystic Blast.
You are very lightly contaminated with residual magic.
Nothing appears to happen.
You feel sick. The hornet stings you!
You feel as though you will be slow longer.
The hornet stings you!
You are more poisoned.
You feel as though you will be slow longer.
You take 26 damage, and have 25/73 hp.
MASSIVE DAMAGE!!
You now have 8/20 mp.
Casting: Iskenderun's Mystic Blast (dangerous; 4% risk of failure)
Confirm with . or Enter, or press ? or * to list all spells.
You erupt in a blast of force!
The mystic blast hits the yak!
The yak is knocked back by the mystic blast.
The mystic blast hits the hornet!
The hornet is knocked back by the mystic blast.
The hornet collides with the yak!
You feel very sick. The hornet completely misses you. The hornet misses you.
You take 4 damage, and have 21/73 hp.
You now have 5/20 mp.
Casting: Iskenderun's Mystic Blast (dangerous; 4% risk of failure)
Confirm with . or Enter, or press ? or * to list all spells.
You erupt in a blast of force!
The mystic blast hits the hornet! x2
The hornet is knocked back by the mystic blast.
You feel sick.
Your Fighting skill increases to level 5!
Your Short Blades skill increases to level 5!
Your Long Blades skill increases to level 5!
Your Axes skill increases to level 5!
Your Maces & Flails skill increases to level 5!
Your Polearms skill increases to level 5!
Your Staves skill increases to level 5!
Your Ranged Weapons skill increases to level 5!
Your Throwing skill increases to level 5!
Your Armour skill increases to level 5!
Your Shields skill increases to level 5!
Your Unarmed Combat skill increases to level 5!
Your Evocations skill increases to level 5!
You take 1 damage, and have 20/74 hp.
You now have 1/20 mp.
You feel yourself speed up.
You feel sick. The yak misses you.
You climb upwards.
You feel sick.
There is a stone staircase leading down here.
You take 3 damage, and have 17/74 hp.
The yak attacks as you move away! The yak barely misses you.
You feel sick.
Your magical contamination has completely faded away.
You take 1 damage, and have 16/74 hp.
You feel sick.
You feel sick.
You are no longer poisoned.
You take 1 damage, and have 15/74 hp.
The yak attacks as you move away! The yak gores you!
* * * LOW HITPOINT WARNING * * *
You take 13 damage, and have 3/74 hp.
The yak attacks as you move away! The yak closely misses you.
The yak attacks as you move away! The yak gores you.
* * * LOW HITPOINT WARNING * * *
You take 3 damage, and have 1/74 hp.
The yak attacks as you move away! The yak gores you but does no damage.
The yak attacks as you move away! The yak barely misses you.
Casting: Iskenderun's Mystic Blast (dangerous; 4% risk of failure)
Confirm with . or Enter, or press ? or * to list all spells.
You erupt in a blast of force!
The mystic blast hits the yak!
The yak is knocked back by the mystic blast.
The yak slams into the rock wall!
The yak barely misses you.
You now have 0/20 mp.
You aren't carrying any items that you can evoke.
You see here 7 stones.
You are too injured to fight recklessly!
Casting: Iskenderun's Mystic Blast (dangerous; 4% risk of failure)
Confirm with . or Enter, or press ? or * to list all spells.
Aiming: Magic Dart (safe; 1% risk of failure)
Press: ? - help, Shift-Dir - straight line, f - yak
Aim: a yak (almost dead, 100% to hit)
The magic dart hits the yak!
The yak gores you.
You die...
Your body crumbles into a pile of gold.

##.....###...#####.
#..###.............
#.## #.....#######.
###.# ##....# ##.
#...# ###.#.#######..
#.#####...#..#......#
#.####..####...######
#...##### ##.##
###Y@...## #..#######
#####..# #.........
##.###.#######.
####.##..### ##
#..........#
#..........#
#..........#
############


You could see a yak.

Vanquished Creatures
  Grinder (D:5)
  A hornet (D:8)
  Sigmund (D:2)
  3 yaks
  A sky beast (D:7)
  A black bear (D:7)
  An orc warrior (D:7)
  4 ice beasts
  An ogre (D:5)
  2 centaurs
  2 kobold brigands
  3 bullfrogs
  A scorpion (D:5)
  5 wights
  2 howler monkeys (D:6)
  4 hounds
  A jelly (D:5)
  2 orc priests
  3 gnoll boudas
  Terence (D:2)
  5 sleepcaps
  5 orc wizards
  19 gnolls
  4 adders
  2 worms
  2 dart slugs
  23 orcs
  3 endoplasms
  2 giant cockroaches
  4 goblins
  5 hobgoblins
  2 jackals (D:4)
  18 kobolds
  5 quokkas
  8 ball pythons
  2 bats
  3 frilled lizards
  3 rats
155 creatures vanquished.

Vanquished Creatures (others)
  2 fulminant prisms (D:7)
2 creatures vanquished.

Grand Total: 157 creatures vanquished

Notes
Turn   | Place    | Note
-------+----------+-------------------------------------------
     0 | D:1      | IndexError the Gnoll Conjurer began the quest for the Orb.
     0 | D:1      | Reached XP level 1. HP: 13/13 MP: 6/6
   144 | D:1      | Reached XP level 2. HP: 19/19 MP: 5/7
   746 | D:2      | Reached skill level 5 in Spellcasting
   746 | D:2      | Reached XP level 3. HP: 25/25 MP: 3/9
   749 | D:2      | Reached skill level 1 in Invocations
   827 | D:1      | Learned a level 2 spell: Searing Ray
   863 | D:2      | Reached skill level 1 in Fighting
   863 | D:2      | Reached skill level 1 in Short Blades
   863 | D:2      | Reached skill level 1 in Long Blades
   863 | D:2      | Reached skill level 1 in Axes
   863 | D:2      | Reached skill level 1 in Maces & Flails
   863 | D:2      | Reached skill level 1 in Polearms
   863 | D:2      | Reached skill level 1 in Staves
   863 | D:2      | Reached skill level 1 in Ranged Weapons
   863 | D:2      | Reached skill level 1 in Throwing
   863 | D:2      | Reached skill level 1 in Armour
   863 | D:2      | Reached skill level 1 in Shields
   863 | D:2      | Reached skill level 1 in Unarmed Combat
   863 | D:2      | Reached skill level 1 in Evocations
   981 | D:2      | Noticed Sigmund
   988 | D:2      | Killed Sigmund
   989 | D:2      | Reached skill level 1 in Hexes
   989 | D:2      | Reached skill level 1 in Summonings
   989 | D:2      | Reached skill level 1 in Necromancy
   989 | D:2      | Reached skill level 1 in Translocations
   989 | D:2      | Reached skill level 1 in Transmutations
   989 | D:2      | Reached skill level 1 in Fire Magic
   989 | D:2      | Reached skill level 1 in Ice Magic
   989 | D:2      | Reached skill level 1 in Air Magic
   989 | D:2      | Reached skill level 1 in Earth Magic
   989 | D:2      | Reached skill level 1 in Poison Magic
   989 | D:2      | Reached skill level 2 in Invocations
   989 | D:2      | Reached skill level 1 in Shapeshifting
   989 | D:2      | Reached XP level 4. HP: 33/33 MP: 1/11
   989 | D:2      | Reached XP level 5. HP: 38/38 MP: 1/12
  1007 | D:2      | Reached XP level 6. HP: 44/44 MP: 0/13
  1414 | D:2      | Noticed Terence
  1428 | D:2      | Killed Terence
  2155 | D:3      | Reached skill level 5 in Dodging
  2406 | D:3      | Reached skill level 2 in Fighting
  2406 | D:3      | Reached skill level 2 in Short Blades
  2406 | D:3      | Reached skill level 2 in Long Blades
  2406 | D:3      | Reached skill level 2 in Axes
  2406 | D:3      | Reached skill level 2 in Maces & Flails
  2406 | D:3      | Reached skill level 2 in Polearms
  2406 | D:3      | Reached skill level 2 in Staves
  2406 | D:3      | Reached skill level 2 in Ranged Weapons
  2406 | D:3      | Reached skill level 2 in Throwing
  2406 | D:3      | Reached skill level 2 in Armour
  2406 | D:3      | Reached skill level 2 in Shields
  2406 | D:3      | Reached skill level 2 in Unarmed Combat
  2406 | D:3      | Reached skill level 2 in Evocations
  2858 | D:3      | Found an ornate altar of the Wu Jian Council.
  3118 | D:4      | Noticed an ice beast
  3127 | D:4      | Killed an ice beast
  3276 | D:4      | Reached XP level 7. HP: 50/50 MP: 11/15
  3420 | D:4      | Reached skill level 2 in Hexes
  3420 | D:4      | Reached skill level 2 in Summonings
  3420 | D:4      | Reached skill level 2 in Necromancy
  3420 | D:4      | Reached skill level 2 in Translocations
  3420 | D:4      | Reached skill level 2 in Transmutations
  3420 | D:4      | Reached skill level 2 in Fire Magic
  3420 | D:4      | Reached skill level 2 in Ice Magic
  3420 | D:4      | Reached skill level 2 in Air Magic
  3420 | D:4      | Reached skill level 2 in Earth Magic
  3420 | D:4      | Reached skill level 2 in Poison Magic
  3420 | D:4      | Reached skill level 2 in Shapeshifting
  3772 | D:4      | Reached skill level 5 in Stealth
  3878 | D:4      | Reached skill level 3 in Invocations
  4207 | D:5      | Entered Level 5 of the Dungeon
  4596 | D:5      | Found a staircase to the Ecumenical Temple.
  4743 | Temple   | Entered the Ecumenical Temple
  4814 | Temple   | Became a worshipper of Gozag Ym Sagoz the Greedy
  4865 | D:5      | Reached XP level 8. HP: 48/57 MP: 9/16
  4983 | D:5      | Found an ancient bone altar of Kikubaaqudgha.
  5096 | D:5      | Noticed Grinder
  5102 | D:5      | Paralysed by Grinder for 5 turns
  5111 | D:5      | Killed Grinder
  5112 | D:5      | Reached skill level 3 in Fighting
  5112 | D:5      | Reached skill level 3 in Short Blades
  5112 | D:5      | Reached skill level 3 in Long Blades
  5112 | D:5      | Reached skill level 3 in Axes
  5112 | D:5      | Reached skill level 3 in Maces & Flails
  5112 | D:5      | Reached skill level 3 in Polearms
  5112 | D:5      | Reached skill level 3 in Staves
  5112 | D:5      | Reached skill level 3 in Ranged Weapons
  5112 | D:5      | Reached skill level 3 in Throwing
  5112 | D:5      | Reached skill level 3 in Armour
  5112 | D:5      | Reached skill level 3 in Shields
  5112 | D:5      | Reached skill level 3 in Unarmed Combat
  5112 | D:5      | Reached skill level 6 in Spellcasting
  5112 | D:5      | Reached skill level 3 in Evocations
  6000 | D:6      | Reached skill level 3 in Hexes
  6000 | D:6      | Reached skill level 3 in Summonings
  6000 | D:6      | Reached skill level 3 in Necromancy
  6000 | D:6      | Reached skill level 3 in Translocations
  6000 | D:6      | Reached skill level 3 in Transmutations
  6000 | D:6      | Reached skill level 3 in Fire Magic
  6000 | D:6      | Reached skill level 3 in Ice Magic
  6000 | D:6      | Reached skill level 3 in Air Magic
  6000 | D:6      | Reached skill level 3 in Earth Magic
  6000 | D:6      | Reached skill level 3 in Poison Magic
  6000 | D:6      | Reached skill level 4 in Invocations
  6000 | D:6      | Reached skill level 3 in Shapeshifting
  6196 | D:6      | Reached skill level 6 in Dodging
  6417 | D:6      | Reached XP level 9. HP: 65/65 MP: 9/18
  6731 | D:6      | Learned a level 3 spell: Volatile Blastmotes
  6736 | D:6      | Learned a level 4 spell: Fulminant Prism
  6741 | D:6      | Learned a level 4 spell: Iskenderun's Mystic Blast
  6972 | D:6      | Reached skill level 4 in Fighting
  6972 | D:6      | Reached skill level 4 in Short Blades
  6972 | D:6      | Reached skill level 4 in Long Blades
  6972 | D:6      | Reached skill level 4 in Axes
  6972 | D:6      | Reached skill level 4 in Maces & Flails
  6972 | D:6      | Reached skill level 4 in Polearms
  6972 | D:6      | Reached skill level 4 in Staves
  6972 | D:6      | Reached skill level 4 in Ranged Weapons
  6972 | D:6      | Reached skill level 4 in Throwing
  6972 | D:6      | Reached skill level 4 in Armour
  6972 | D:6      | Reached skill level 4 in Shields
  6972 | D:6      | Reached skill level 4 in Unarmed Combat
  6972 | D:6      | Reached skill level 4 in Evocations
  7474 | D:7      | Reached skill level 6 in Stealth
  7474 | D:7      | Reached skill level 8 in Conjurations
  7954 | D:7      | Learned a level 2 spell: Blink
  7959 | D:7      | Learned a level 4 spell: Manifold Assault
  8217 | D:7      | Reached skill level 5 in Invocations
  8715 | D:7      | Found a shimmering blue altar of Sif Muna.
  8733 | D:8      | Noticed a hornet
  8827 | D:8      | Noticed a hornet
  8829 | D:8      | Reached skill level 7 in Spellcasting
  8839 | D:7      | HP: 15/66 [yak (9)]
  8841 | D:7      | Reached skill level 4 in Hexes
  8841 | D:7      | Reached skill level 4 in Summonings
  8841 | D:7      | Reached skill level 4 in Necromancy
  8841 | D:7      | Reached skill level 4 in Translocations
  8841 | D:7      | Reached skill level 4 in Transmutations
  8841 | D:7      | Reached skill level 4 in Fire Magic
  8841 | D:7      | Reached skill level 4 in Ice Magic
  8841 | D:7      | Reached skill level 4 in Air Magic
  8841 | D:7      | Reached skill level 4 in Earth Magic
  8841 | D:7      | Reached skill level 4 in Poison Magic
  8841 | D:7      | Reached skill level 4 in Shapeshifting
  8850 | D:7      | HP: 2/67 [shot self (16)]
  9068 | D:7      | Reached XP level 10. HP: 73/73 MP: 11/20
  9147 | D:8      | Reached skill level 5 in Fighting
  9147 | D:8      | Reached skill level 5 in Short Blades
  9147 | D:8      | Reached skill level 5 in Long Blades
  9147 | D:8      | Reached skill level 5 in Axes
  9147 | D:8      | Reached skill level 5 in Maces & Flails
  9147 | D:8      | Reached skill level 5 in Polearms
  9147 | D:8      | Reached skill level 5 in Staves
  9147 | D:8      | Reached skill level 5 in Ranged Weapons
  9147 | D:8      | Reached skill level 5 in Throwing
  9147 | D:8      | Reached skill level 5 in Armour
  9147 | D:8      | Reached skill level 5 in Shields
  9147 | D:8      | Reached skill level 5 in Unarmed Combat
  9147 | D:8      | Reached skill level 5 in Evocations
  9148 | D:7      | HP: 17/74 [poisoned by a hornet]
  9155 | D:7      | HP: 3/74 [yak (13)]
  9158 | D:7      | HP: 1/74 [yak (3)]
  9168 | D:7      | Slain by a yak

Illustrated notes

Levels and vault maps discovered:
D:1:      matt_arrival_grand_opening, layout_loops_ring
D:2:      layout_basic, minmay_split_cup_small, uniq_terence, uniq_sigmund
D:3:      layout_rooms, nicolae_wu_jian_glorious_leap,
          nicolae_twisty_statue_hallways
D:4:      layout_basic, dreamdust_wishing_well
D:5:      layout_loops_ring, mainiacjoe_overflow_tiny_flanked, temple_pool_b,
          minmay_misc_feat_hallway, uniq_grinder
D:6:      layout_basic, cheibrodos_sewer_entry_bend
D:7:      layout_rooms, lemuel_blue_sif_altar, nrook_uturn
D:8:      layout_loops_ring, chequers_ossuary_entry_cave, minivault_19,
          minmay_misc_feat_tower
Temple:   hellmonk_temple_of_storms

Skill      XL: |  1  2  3  4  5  6  7  8  9 10 |
---------------+-------------------------------+-----
Spellcasting   | 5 6 7 |  7.1
Invocations    | 2 3 4 5 |  5.5
Fighting       | 1 2 3 4 5 |  5.0
Short Blades   | 1 2 3 4 5 |  5.0
Long Blades    | 1 2 3 4 5 |  5.0
Axes           | 1 2 3 4 5 |  5.0
Maces & Flails | 1 2 3 4 5 |  5.0
Polearms       | 1 2 3 4 5 |  5.0
Staves         | 1 2 3 4 5 |  5.0
Ranged Weapons | 1 2 3 4 5 |  5.0
Throwing       | 1 2 3 4 5 |  5.0
Armour         | 1 2 3 4 5 |  5.0
Shields        | 1 2 3 4 5 |  5.0
Unarmed Combat | 1 2 3 4 5 |  5.0
Evocations     | 1 2 3 4 5 |  5.0
Hexes          | 1 2 3 4 |  4.1
Summonings     | 1 2 3 4 |  4.1
Necromancy     | 1 2 3 4 |  4.1
Translocations | 1 2 3 4 |  4.1
Transmutations | 1 2 3 4 |  4.1
Fire Magic     | 1 2 3 4 |  4.1
Ice Magic      | 1 2 3 4 |  4.1
Air Magic      | 1 2 3 4 |  4.1
Earth Magic    | 1 2 3 4 |  4.1
Poison Magic   | 1 2 3 4 |  4.1
Shapeshifting  | 1 2 3 4 |  4.1
Dodging        | 5 6 |  6.8
Stealth        | 5 6 |  6.6
Conjurations   | 8 |  8.3

Action                     |  1- 3 |  4- 6 |  7- 9 | 10-12 || total
---------------------------+-------+-------+-------+-------++-------
  Melee: Rapier            |     4 |     3 |       |       ||     7
         Short sword       |       |       |     8 |       ||     8
         Bite              |       |       |     1 |       ||     1
   Cast: Magic Dart        |    22 |   100 |   178 |     1 ||   301
         Searing Ray       |     2 |     8 |    44 |       ||    54
         Volatile Blastmot |       |       |    13 |       ||    13
         Iskenderun's Myst |       |       |     3 |     5 ||     8
         Fulminant Prism   |       |       |     2 |       ||     2
   Stab: Sleeping          |     4 |       |       |       ||     4
 Armour: Robe              |       |     4 |     6 |     1 ||    11
  Dodge: Dodged            |     5 |    23 |    48 |     9 ||    85

Table legend: (Time is in decaauts)
 A = Elapsed time spent in this place.
 B = Non-inter-level travel time spent in this place.
 C = Inter-level travel time spent in this place.
 D = Time resting spent in this place.
 E = Time spent auto-exploring this place.
 F = Levels seen in this place.
 G = Mean time per level.
                   A        B        C        D        E       F      G
               +--------+--------+--------+--------+--------+-----+--------+
         Total |   9190 |   8443 |    747 |      0 |   7311 |   9 | 1021.1 |
       Dungeon |   9098 |   8397 |    701 |      0 |   7311 |   8 | 1137.2 |
        Temple |     91 |     45 |     46 |      0 |      0 |   1 |   91.0 |
               +--------+--------+--------+--------+--------+-----+--------+

Top non-repeatable levels by time:
     D:6: 2000 daAuts
     D:7: 1672 daAuts
     D:4: 1266 daAuts
     D:2: 1202 daAuts
     D:5: 1116 daAuts
     D:3: 913 daAuts
     D:1: 899 daAuts
  Temple: 91 daAuts
     D:8: 27 daAuts

Levels and vault maps discovered:
D:1:      matt_arrival_grand_opening, layout_loops_ring
D:2:      layout_basic, minmay_split_cup_small, uniq_terence, uniq_sigmund
D:3:      layout_rooms, nicolae_wu_jian_glorious_leap,
          nicolae_twisty_statue_hallways
D:4:      layout_basic, dreamdust_wishing_well
D:5:      layout_loops_ring, mainiacjoe_overflow_tiny_flanked, temple_pool_b,
          minmay_misc_feat_hallway, uniq_grinder
D:6:      layout_basic, cheibrodos_sewer_entry_bend
D:7:      layout_rooms, lemuel_blue_sif_altar, nrook_uturn
D:8:      layout_loops_ring, chequers_ossuary_entry_cave, minivault_19,
          minmay_misc_feat_tower
Temple:   hellmonk_temple_of_storms

Table legend: (Time is in decaauts)
 A = Elapsed time spent in this place.
 B = Non-inter-level travel time spent in this place.
 C = Inter-level travel time spent in this place.
 D = Time resting spent in this place.
 E = Time spent auto-exploring this place.
 F = Levels seen in this place.
 G = Mean time per level.
                   A        B        C        D        E       F      G
               +--------+--------+--------+--------+--------+-----+--------+
         Total |   9190 |   8443 |    747 |      0 |   7311 |   9 | 1021.1 |
       Dungeon |   9098 |   8397 |    701 |      0 |   7311 |   8 | 1137.2 |
        Temple |     91 |     45 |     46 |      0 |      0 |   1 |   91.0 |
               +--------+--------+--------+--------+--------+-----+--------+

Top non-repeatable levels by time:
     D:6: 2000 daAuts
     D:7: 1672 daAuts
     D:4: 1266 daAuts
     D:2: 1202 daAuts
     D:5: 1116 daAuts
     D:3: 913 daAuts
     D:1: 899 daAuts
  Temple: 91 daAuts
     D:8: 27 daAuts

Table legend:
 A = Kills in this place as a percentage of kills in the entire game.
 B = Kills by you in this place as a percentage of kills by you in the entire game.
 C = Kills by friends in this place as a percentage of kills by friends in the entire game.
 D = Other kills in this place as a percentage of other kills in the entire game.
 E = Experience gained in this place as a percentage of experience gained in the entire game.
 F = Experience gained in this place divided by the number of levels of this place that you have seen.
                   A       B       C       D       E      F
               +-------+-------+-------+-------+-------+----------------------
         Total | 100.0 | 100.0 |   N/A |   N/A | 100.0 | 552.4
       Dungeon | 100.0 | 100.0 |   N/A |   N/A | 100.0 | 621.5
               +-------+-------+-------+-------+-------+----------------------
